 Dungeon Crawl Stone Soup version 0.17.0-18-gaab0e96 (webtiles) character file.

328 ventricule the Chopper (level 6, -1/36 HPs)
             Began as a Tengu Arcane Marksman on Nov 11, 2015.
             Killed by divine providence
             ... invoked by an orc priest
              (14 damage)
             ... on level 4 of the Dungeon.
             The game lasted 00:07:24 (4161 turns).

ventricule the Chopper (Tengu Arcane Marksman)      Turns: 4161, Time: 00:07:24

Health: -1/36      AC:  4    Str: 12    XL:     6   Next: 50%
Magic:  8/8        EV: 13    Int: 17    God:
Gold:   6          SH:  0    Dex: 15    Spells: 2 memorised, 4 levels left

rFire  . . .     SeeInvis +     a - +0 hand crossbow
rCold  . . .     Clarity  .     s - +1 leather armour of Ethics {Int+4} (curse)
rNeg   + . .     SustAt   .     (no shield)
rPois  .         Gourm    .     (helmet restricted)
rElec  .         Spirit   .     (no cloak)
rCorr  .         Warding  .     (no gloves)
rMut   .         Stasis   .     (boots unavailable)
MR     .....                    (no amulet)
Stlth  +.........               f - ring of positive energy
                                t - ring of see invisible

@: not resistant to hostile enchantments, very unstealthy
A: beak, talons 3, able to fly 1
a: Fly


You were on level 4 of the Dungeon.
You were hungry.

You visited 1 branch of the dungeon, and saw 4 of its levels.

You collected 126 gold pieces.
You spent 120 gold pieces at shops.


Innate Abilities, Weirdness & Mutations

You have a beak for a mouth.
You have claws for feet.
You can fly.


   Skills:
 - Level 2.4 Fighting
 + Level 5.9 Axes
 - Level 2.1 Crossbows
 - Level 3.1 Dodging
 - Level 1.0 Spellcasting
 - Level 2.1 Hexes


You had 4 spell levels left.
You knew the following spells:

 Your Spells              Type           Power        Failure   Level  Hunger
z - Slow                  Hex            #.......     21%         2    ###....
Z - Corona                Hex            #......      14%         1    ##.....

Inventory:

Hand Weapons
 a - a +0 hand crossbow (weapon)
 b - a +5 war axe
 r - a +0 short sword
Missiles
 g - 50 bolts (quivered)
Armour
 c - a +0 robe
 s - the cursed +1 leather armour of Ethics (worn) {Int+4}

   It affects your intelligence (+4).
   It has a curse placed upon it.
Jewellery
 f - a ring of positive energy (right hand)
 t - a ring of see invisible (left hand)
Wands
 q - a wand of flame (24)
Scrolls
 m - 2 scrolls of teleportation {unknown}
 n - 2 scrolls of remove curse
 o - a scroll of fear {unknown}
 p - a scroll of enchant weapon
Potions
 h - 2 potions of degeneration {!q}
 i - 2 potions of agility
 j - a potion of cancellation
 k - 2 potions of might
 l - 2 potions of brilliance {unknown}
 u - a potion of curing {@q1}
Books
 d - a book of Debilitation

   Spells                             Type                      Level
   a - Corona                         Hexes                        1
   b - Slow                           Hexes                        2
   c - Gell's Gravitas                Hexes/Translocation          3
   d - Inner Flame                    Hexes/Fire                   3
   e - Cause Fear                     Hexes                        4
   f - Leda's Liquefaction            Hexes/Earth                  4
Comestibles
 e - 5 bread rations

Dungeon Overview and Level Annotations

Branches:
Dungeon (4/15)
 Temple: D:4-7

Altars:
Cheibriados
Kikubaaqudgha
Ru
Sif Muna

Shops:
D:4

* ..... ▒.▒ .....▒
▒?▒ ...▒ ▒(▒
▒▒'▒▒▒▒(▒▒▒
▒.h.......▒
▒....(....▒
▒...o.....▒
▒.........▒
▒▒Q▒......▒
▒.▒....(.▒
▒▒+▒▒▒▒▒▒.▒▒▒▒.▒▒▒
▒...........▒....
▒.....▒▒▒.▒.▒ ▒▒▒▒
▒.....▒.....▒
▒.....▒.▒.▒▒▒
▒.....▒.▒.▒
▒.▒▒..▒.▒.▒


You could see a hound and an orc priest.


Message History

A hound comes into view.
You see here a scroll of identify {@r1}.
There is an open door here.
a - a +0 hand crossbow (weapon)
There is an open door here.
Firing (i - inventory):
g - 55 bolts (quivered)
Aim: an orc priest, wielding a whip and wearing a ring mail You shoot a bolt.
The bolt barely misses the orc priest.
Firing (i - inventory):
g - 54 bolts (quivered)
Aim: an orc priest, wielding a whip and wearing a ring mail You shoot a bolt.
The bolt closely misses the orc priest.
The orc priest invokes the aid of Beogh against you.
Pain shoots through your body!
* * * LOW HITPOINT WARNING * * *
Firing (i - inventory):
g - 53 bolts (quivered)
Aim: an orc priest, wielding a whip and wearing a ring mail You shoot a bolt.
The bolt hits the orc priest!
The orc priest is severely wounded.
Firing (i - inventory):
g - 52 bolts (quivered)
Aim: an orc priest, wielding a whip and wearing a ring mail (heavily wounded)
You shoot a bolt. The bolt hits the orc priest.
The orc priest is almost dead.
Firing (i - inventory):
g - 51 bolts (quivered)
Aim: an orc priest, wielding a whip and wearing a ring mail (almost dead)
You shoot a bolt.
The bolt hits the orc priest but does no damage.
The orc priest is almost dead.
The orc priest invokes the aid of Beogh against you.
Something smites you!
You die...

Action                   |  1- 3 |  4- 6 || total
-------------------------+-------+-------++-------
Melee: Short sword       |    57 |       ||    57
       Unarmed           |     6 |       ||     6
       War axe           |     8 |    96 ||   104
 Fire: Hand crossbow     |    13 |    12 ||    25
 Cast: Corona            |     8 |       ||     8
  Use: Scroll            |       |    11 ||    11
 Stab: Sleeping          |     2 |     3 ||     5
       Paralysed         |       |     1 ||     1
  Eat: Chunk             |     2 |     8 ||    10

Vault maps used:
D:1:      minmay_arrival_checkered_box, grunt_decor_cap
D:2:      marbit_many_paths
D:3:      lemuel_doored_altar, kiku_gazebo_garden_becter, first_bread,
          kennysheep_cross_room
D:4:      nicolae_ru_great_annihilating_truth, kennysheep_little_box,
          serial_shops, nicolae_shop_overgrown_old_shop

Notes
Turn   | Place    | Note
--------------------------------------------------------------
     0 | D:1      | ventricule the Tengu Arcane Marksman began the quest for the Orb.
     0 | D:1      | Reached XP level 1. HP: 12/12 MP: 3/3
   431 | D:1      | Reached XP level 2. HP: 10/16 MP: 2/4
   907 | D:1      | Learned a level 2 spell: Slow
  1075 | D:2      | Reached skill level 2 in Fighting
  1075 | D:2      | Reached skill level 3 in Dodging
  1075 | D:2      | Reached XP level 3. HP: 11/21 MP: 3/5
  1565 | D:2      | Reached skill level 1 in Axes
  1596 | D:2      | Reached XP level 4. HP: 27/27 MP: 6/6
  1808 | D:2      | Reached skill level 2 in Axes
  1917 | D:2      | Found a snail-covered altar of Cheibriados.
  2182 | D:3      | Found an ancient bone altar of Kikubaaqudgha.
  2420 | D:3      | Found a deep blue altar of Sif Muna.
  2914 | D:4      | Reached skill level 3 in Axes
  2914 | D:4      | Gained mutation: You can fly. [Tengu growth]
  2914 | D:4      | Reached XP level 5. HP: 19/31 MP: 7/7
  3072 | D:4      | Reached skill level 4 in Axes
  3203 | D:4      | Found a sacrificial altar of Ru.
  3542 | D:4      | Found Hehoz's Assorted Antiques.
  3547 | D:4      | Got a slimy leather armour
  3558 | D:4      | Identified the cursed +1 leather armour of Ethics {Int+4} (You found it on level 4 of the Dungeon)
  3564 | D:4      | Noticed an ogre
  3801 | D:4      | Killed an ogre
  3801 | D:4      | Reached skill level 5 in Axes
  3801 | D:4      | Reached XP level 6. HP: 36/36 MP: 8/8
  4061 | D:4      | Bought a runed peridot ring for 120 gold pieces
  4161 | D:4      | Killed from afar by an orc priest

Vanquished Creatures
  An ogre (D:4)
  2 hounds (D:4)
  An orc wizard (D:4)
  An orc priest (D:4)
  4 adders
  An adder skeleton (D:4)
  3 worms (D:2)
  A giant gecko (D:4)
  7 orcs
  5 giant cockroaches
  6 goblins
  7 hobgoblins
  A jackal (D:4)
  6 kobolds
  5 quokkas
  2 ball pythons
  5 bats
  4 giant newts (D:2)
  6 rats
68 creatures vanquished.
